AoeStats
← Chris Becker

Nomad

509652679Analyzed
4v4 RM · 5d ago on Sep 27, 2026· 88m 1s· 8 players
Game mode
Random Map
Map size
231×231
Population
200
Speed
Normal
Resources
Standard
Victory
Conquest
Starting age
Dark Age
Ending age
Imperial Age
RankedLock teamsTeams togetherTeam positionsShared explorationLock speedFull tech treeHidden civsTurbo modeCheats
Victory
Defeat
🇩🇪 Malay · Germany
1509
+14
🇰🇷 Saxons · South Korea
1403
+18
🇨🇳 Celts · China
1371
+20
🇰🇷 Malians · South Korea
1349
+20
🇩🇪 Persians · Germany
1502
-20
🇨🇦 Turks · Canada
1459
-18
🇳🇴 Danes · Norway
1442
-18
1414
-16
Snavle
4:49 Loom
14:16 Feudal Age
17:43 Castle Age
16:01 Fishing Lines
17:19 Double-Bit Axe
19:08 Fletching
19:34 Bow Saw
22:35 Wheelbarrow
21:53 Horse Collar
22:47 Bodkin Arrow
24:42 Town Watch
26:37 Gillnets
26:59 Scale Mail Armor
27:37 Forging
27:33 Squires
28:09 Hand Cart
29:02 Stone Mining
29:56 Gold Mining
31:02 Chain Mail Armor
31:57 Ballistics
32:30 Medium Warships
32:54 Gambesons
34:05 Arson
35:22 Gold Shaft Mining
36:16 Iron Casting
38:58 Imperial Age
37:23 Murder Holes
39:58 Elite Varangian Guard
42:44 Plate Mail Armor
43:11 Masonry
44:31 Blast Furnace
44:35 Chemistry
43:22 Hamask
47:06 Heavy Plow
46:40 Pikeman
48:28 Siege Engineers
48:47 Heavy Scorpion
49:14 Onager
49:50 Northmen's Fury
49:54 Halberdier
60:06 Hoardings
61:28 Capped Ram
62:21 Siege Ram
62:26 Siege Onager
64:00 Bracer
64:48 Stone Shaft Mining
73:26 Caravan
74:00 Clinker Construction
77:41 Carvel Hull
88:44 Heavy Warships
Retired SweatLord
7:17 Loom
15:46 Feudal Age
16:14 Double-Bit Axe
19:47 Castle Age
20:15 Fishing Lines
24:24 Imperial Age
23:19 Padded Archer Armor
23:04 Treadmill Crane
23:17 Gold Mining
23:20 Stone Mining
23:50 Bow Saw
25:19 Leather Archer Armor
24:55 Fletching
30:38 Forging
34:05 Ring Archer Armor
35:21 Medium Warships
36:10 Iron Casting
37:09 Heavy Warships
39:02 Blast Furnace
38:13 Elite Janissary
39:01 Gillnets
53:36 Bodkin Arrow
55:20 Wheelbarrow
54:31 Town Watch
63:41 Hand Cart
66:44 Two-Man Saw
66:31 Gold Shaft Mining
67:28 Bracer
70:39 Horse Collar
76:23 Clinker Construction
78:03 Scale Barding Armor
78:35 Carvel Hull
78:19 Heavy Plow
80:59 Chain Barding Armor
82:10 Husbandry
EatEaty
9:10 Loom
13:13 Feudal Age
15:23 Wheelbarrow
18:20 Castle Age
16:29 Double-Bit Axe
19:06 Bow Saw
20:15 Gold Mining
24:29 Town Watch
36:51 Horse Collar
42:36 Hand Cart
43:18 Fletching
45:27 Heavy Plow
47:05 Stone Mining
47:51 Gold Shaft Mining
53:05 Imperial Age
53:33 Scale Barding Armor
53:39 Forging
54:09 Stone Shaft Mining
54:46 Chemistry
54:00 Bloodlines
53:51 Husbandry
54:14 Conscription
54:58 Coinage
55:23 Elite War Elephant
57:17 Two-Man Saw
55:56 Light Cavalry
55:58 Cavalier
56:59 Chain Barding Armor
57:20 Padded Archer Armor
57:15 Bodkin Arrow
58:16 Medium Warships
60:15 Plate Barding Armor
59:01 Hussar
60:26 Devotion
62:13 Guilds
62:38 Ballistics
64:15 Forging
66:18 Iron Casting
66:07 Leather Archer Armor
66:54 Banking
68:26 Ring Archer Armor
68:58 Blast Furnace
68:06 Kamandaran
68:51 Crossbowman
69:36 Thumb Ring
70:31 Hoardings
70:15 Citadels
71:56 Sappers
75:29 Caravan
85:01 Scale Mail Armor
What's bro yappin about?
7:10 Loom
12:52 Feudal Age
18:02 Castle Age
16:56 Double-Bit Axe
29:20 Wheelbarrow
29:03 Bow Saw
28:40 Horse Collar
35:45 Imperial Age
34:10 Forging
34:00 Scale Mail Armor
36:12 Chain Mail Armor
36:32 Iron Casting
45:58 Pikeman
46:38 Squires
46:24 Arson
46:44 Halberdier
49:11 Man-at-Arms
49:36 Gambesons
50:22 Wootz Steel
50:42 Long Swordsman
52:35 Long Swordsman
54:22 Iron Casting
53:56 Two-Handed Swordsman
54:53 Champion
60:08 Conscription
63:10 Blast Furnace
62:40 Plate Mail Armor
63:10 Blast Furnace
71:22 Plate Mail Armor
Chris Becker
5:25 Loom
14:30 Feudal Age
18:59 Castle Age
17:33 Stone Mining
19:41 Double-Bit Axe
24:31 Horse Collar
26:17 Gold Mining
26:41 Bow Saw
31:36 Imperial Age
29:56 Stone Shaft Mining
29:29 Heavy Plow
30:29 Gold Shaft Mining
30:37 Scale Barding Armor
31:42 Wheelbarrow
32:09 Fletching
34:10 Hand Cart
34:12 Forging
34:31 Husbandry
38:22 Iron Casting
41:48 Town Watch
45:01 Elite Battle Elephant
48:47 Light Cavalry
49:52 Elite Karambit Warrior
51:09 Cavalier
52:37 Conscription
53:48 Forced Levy
55:11 Blast Furnace
53:36 Man-at-Arms
54:17 Squires
54:07 Long Swordsman
54:35 Arson
54:41 Two-Handed Swordsman
61:50 Bodkin Arrow
BaniWang
4:55 Loom
12:14 Feudal Age
12:41 Double-Bit Axe
13:14 Fishing Lines
20:41 Castle Age
19:51 Gold Mining
21:36 Bow Saw
22:45 Medium Warships
23:16 Gold Shaft Mining
24:44 Wheelbarrow
23:55 Town Watch
25:17 Fervor
27:02 Careening
27:03 Clinker Construction
27:05 Gillnets
28:40 Hand Cart
33:02 Imperial Age
31:03 Stone Mining
31:06 Horse Collar
31:51 Forging
31:49 Heavy Plow
33:07 Forging
32:59 Scale Mail Armor
34:19 Stone Shaft Mining
34:20 Heavy Warships
34:17 Carvel Hull
34:17 Dry Dock
34:58 Chemistry
34:21 Town Patrol
35:28 Iron Casting
35:08 Chain Mail Armor
37:32 Chain Mail Armor
37:12 Treadmill Crane
37:52 Ballistics
37:25 Fletching
38:13 Crop Rotation
38:40 Bodkin Arrow
39:16 Plate Mail Armor
38:49 Squires
38:35 Arson
39:35 Guilds
39:54 Squires
39:39 Arson
40:17 Conscription
39:31 Elite Gbeto
46:01 Tigui
51:07 Masonry
52:16 Scale Barding Armor
53:23 Bloodlines
53:16 Husbandry
53:35 Farimba
53:15 Cavalier
54:18 Chain Barding Armor
55:37 Hoardings
56:35 Plate Barding Armor
62:27 Padded Archer Armor
63:04 Light Cavalry
64:02 Capped Ram
68:50 Heavy Camel Rider
70:05 Caravan
71:40 Architecture
86:19 Murder Holes
남조선사람
4:40 Loom
11:56 Feudal Age
16:37 Castle Age
15:00 Double-Bit Axe
15:41 Fishing Lines
15:53 Fletching
16:27 Stone Mining
17:48 Scale Mail Armor
22:22 Town Watch
24:11 Bodkin Arrow
31:43 Forging
34:55 Horse Collar
35:40 Caravan
39:18 Wheelbarrow
41:53 Squires
50:42 Bow Saw
50:48 Heavy Plow
51:24 Hand Cart
55:14 Imperial Age
52:33 Arson
53:16 Chain Mail Armor
54:13 Iron Casting
53:00 Man-at-Arms
53:25 Gambesons
53:01 Pikeman
53:44 Long Swordsman
55:52 Ballistics
55:43 Masonry
55:15 Clerical Recruitment
55:31 Shield Wall
56:57 Plate Mail Armor
56:05 Capped Ram
57:08 Bracer
57:43 Coinage
57:19 Elite Varangian Guard
57:41 Two-Handed Swordsman
61:01 Gillnets
60:53 Siege Ram
62:08 Heavy Scorpion
63:49 Siege Engineers
65:44 Chemistry
65:15 Architecture
64:37 Halberdier
66:53 Conscription
66:06 Champion
67:28 Onager
71:22 Banking
73:31 Murder Holes
78:25 Two-Man Saw
81:39 Hoardings
shinyorb
4:32 Loom
14:01 Feudal Age
15:54 Town Watch
16:44 Wheelbarrow
21:25 Castle Age
19:50 Gold Mining
20:01 Fishing Lines
20:29 Double-Bit Axe
23:15 Bow Saw
25:12 Fletching
29:58 Imperial Age
29:21 Scale Barding Armor
31:11 Forging
31:20 Horse Collar
33:48 Cavalier
36:01 Iron Casting
36:24 Husbandry
38:05 Blast Furnace
37:25 Husbandry
38:52 Chain Barding Armor
45:03 Town Watch
46:49 Hand Cart
52:56 Pikeman
57:21 Hoardings
69:00 Halberdier
71:27 Masonry
71:07 Arson
73:42 Conscription
76:15 Scale Mail Armor
77:51 Chain Mail Armor
81:48 Medium Warships
84:07 Capped Ram
84:46 Heavy Scorpion
Connection lost

Rejoining the realm…

Still unreachable

The connection could not be restored.

Session expired

The server has moved on; the page needs a fresh start.